[Event "Early-Titled-Tuesday-Blitz-May-14-2024"]
[Site "Chess.com"]
[Date "2024.05.14"]
[Round "8"]
[White "Kotofeyca"]
[Black "MariaFominykh"]
[Result "1-0"]
[WhiteElo "2509"]
[BlackElo "2355"]
[TimeControl "180+1"]
[EndTime "9:30:44 PDT"]
[Termination "Kotofeyca won on time"]

1. d4 Nf6 2. c4 g6 3. f3 c5 4. dxc5 Na6 5. e4 Nxc5 6. Be3 Qc7 7. Nc3 Bg7 8. Rc1 Ne6 9. Nd5 Qb8 10. Ne2 d6 11. Nec3 Bd7 12. Be2 Qd8 13. O-O O-O 14.
Qd2 Re8 15. f4 Nc5 16. Bf3 Bc6 17. b4 Ncd7 18. Nxf6+ Nxf6 19. Nd5 Nxd5 20. exd5 Bd7 21. Rfe1 b6 22. Bd4 Rc8 23. Re3 e5 24. dxe6 Bxe6 25.
Bxg7 Kxg7 26. Bd5 Bxd5 27. Qxd5 Rxe3 28. Qd4+ Qf6 29. Qxe3 Qb2 30. a3 d5 31. c5 bxc5 32.
Rxc5 Rxc5 33. bxc5 d4 34. Qe5+ Kh6 35. h4 Qc1+ 36.
Kh2 Qe3 37. Qxe3 dxe3 38. Kg3 1-0

[Event "Early-Titled-Tuesday-Blitz-May-14-2024"]
[Site "Chess.com"]
[Date "2024.05.14"]
[Round "8"]
[White "A4RookA3"]
[Black "Kors67"]
[Result "0-1"]
[WhiteElo "2422"]
[BlackElo "2287"]
[TimeControl "180+1"]
[EndTime "9:30:44 PDT"]
[Termination "Kors67 won by checkmate"]

1. e4 d6 2. d4 Nf6 3. Nc3 g6 4. Bf4 a6 5. Qd2 b5 6. Bd3 Bb7 7. f3 h5 8. Nge2 Bg7 9. a4 b4 10.
Nd1 a5 11. Ne3 Nfd7 12. c3 c5 13. Rb1 Nc6 14. d5 Nce5 15. Bb5 O-O 16. h3 Ba6 17.
Bxa6 Rxa6 18. Kf2 c4 19. Kg1 Qb6 20. Kh2 Qc5 21. Rhd1 Rb6 22. Nd4 Nd3 23. Bg5 bxc3 24. bxc3 Rxb1 25. Rxb1 Bxd4 26. cxd4 Qxd4 27. Bxe7 Qe5+ 28.
Kg1 Qxe7 29. Nxc4 N3e5 30. Nxa5 Nc5 31. Nc6 Qf6 32. Nxe5 Qxe5 33. a5 Ra8 34. Rb6 Qa1+ 35. Kh2 Rxa5 36. Rxd6 Qe5+ 37. Qf4 Qxf4+ 38. g3 Qd2+ 39.
Kg1 Ra1# 0-1

[Event "Early-Titled-Tuesday-Blitz-May-14-2024"]
[Site "Chess.com"]
[Date "2024.05.14"]
[Round "8"]
[White "vladislavkovalev"]
[Black "wonderfultime"]
[Result "0-1"]
[WhiteElo "2863"]
[BlackElo "3066"]
[TimeControl "180+1"]
[EndTime "9:30:48 PDT"]
[Termination "wonderfultime won on time"]

1. e4 e5 2. Bc4 Nf6 3. d3 c6 4.
Nf3 d5 5. Bb3 a5 6. a4 Bb4+ 7.
c3 Bd6 8. exd5 Nxd5 9. O-O O-O 10. Re1 Re8 11. Nbd2 Bc7 12. Ne4 Bg4 13. h3 Bh5 14.
Ng3 Bg6 15. Bg5 f6 16. Be3 Nd7 17. Nh4 Bf7 18. Qg4 g6 19. Bc2 Be6 20. Qf3 f5 21. Nhxf5 gxf5 22. Nxf5 Qf6 23. d4 Nxe3 24. fxe3 Kh8 25.
Rf1 Qg5 26. Rae1 Rg8 27. e4 Raf8 28. Re2 Nf6 29. Ref2 Nh5 30. g4 Nf4 31. Kh1 Ng6 32.
d5 Bd7 33. Bb3 Nf4 34. dxc6 Bxc6 35. Bd5 Bxd5 36. exd5 Bb6 37. Rh2 Rxf5 38. d6 Rff8 39. Qxb7 Qg6 40. Qxb6 Qe4+ 41. Kg1 Nxh3+ 0-1

[Event "Early-Titled-Tuesday-Blitz-May-14-2024"]
[Site "Chess.com"]
[Date "2024.05.14"]
[Round "8"]
[White "JERO-8914"]
[Black "WilsonPalencia21"]
[Result "0-1"]
[WhiteElo "2409"]
[BlackElo "2593"]
[TimeControl "180+1"]
[EndTime "9:30:48 PDT"]
[Termination "WilsonPalencia21 won by resignation"]

1. c4 c5 2. Nc3 g6 3. Nf3 Bg7 4.
e3 Nf6 5. d4 O-O 6. Be2 d6 7.
O-O Nc6 8. d5 Na5 9. Qc2 a6 10. e4 Bg4 11. e5 Ne8 12. exd6 Nxd6 13.
b3 b5 14. Bg5 bxc4 15. bxc4 Bxf3 16. Bxf3 Naxc4 17. Rfe1 Re8 18. Rad1 Ne5 19. Be2 Qa5 20. Bf1 h6 21. Bh4 Nf5 22. Bg3 Nf3+ 23. gxf3 Qxc3 24. Qxc3 Bxc3 25. Re4 Bf6 26. Ra4 a5 27. Bb5 Rf8 28. Bc6 Ra7 29. Bf4 Nd4 30. Be3 Nxf3+ 31. Kg2 Nd4 32.
Rc4 Nf5 33. Bxc5 Ra6 34. Bb7 Rd6 35. Bxd6 Nxd6 36. Rc7 Rb8 37. Bc6 Rb2 38. a4 Ne4 39. d6 Nxd6 40. Rb7 Nxb7 41. Rd5 Nd6 42. Rxa5 Ra2 43.
Ra8+ Kg7 44. a5 Bd4 45. a6 Rxf2+ 46. Kg3 Ra2 47. Bb7 Nxb7 48. axb7 Rb2 49. b8=Q Rxb8 50. Rxb8 Be5+ 0-1

[Event "Early-Titled-Tuesday-Blitz-May-14-2024"]
[Site "Chess.com"]
[Date "2024.05.14"]
[Round "8"]
[White "ProtectiveCarrot"]
[Black "briesmas"]
[Result "0-1"]
[WhiteElo "2492"]
[BlackElo "2375"]
[TimeControl "180+1"]
[EndTime "9:30:48 PDT"]
[Termination "briesmas won by checkmate"]

1. e4 c5 2. Nf3 d6 3. d4 cxd4 4.
Qxd4 Nf6 5. Be2 e5 6. Qe3 h6 7. O-O Be7 8. Rd1 Qc7 9. Nc3 O-O 10. h3 Be6 11. a4 a6 12. Bd2 Nbd7 13. Be1 Nb6 14.
b3 Rac8 15. a5 Nbd7 16. Nd5 Bxd5 17. exd5 Qxc2 18. Bc4 Nc5 19. Nd4 exd4 20. Qxe7 Nxb3 21. Bxb3 Qxb3 22. Rab1 Qxd5 23. Qxb7 Qc4 24. Rb4 Qc2 25. Rbxd4 d5 26. Qxa6 Rfe8 27. Qd3 Qa2 28. Bc3 Ne4 29. Be1 Rc2 30. Qf3 Re2 31. Kf1 Rc2 32. Rxd5 Qc4+ 33.
Kg1 Ng5 34. Qd3 Qc7 35. h4 Ne6 36. Rd7 Qc6 37. Qf5 Rf8 38. h5 Rc5 39. Qg4 Rg5 40.
Qe2 Qxg2# 0-1

[Event "Early-Titled-Tuesday-Blitz-May-14-2024"]
[Site "Chess.com"]
[Date "2024.05.14"]
[Round "8"]
[White "IlanSchnaider"]
[Black "Mikhail_Bryakin"]
[Result "0-1"]
[WhiteElo "2732"]
[BlackElo "2896"]
[TimeControl "180+1"]
[EndTime "9:30:50 PDT"]
[Termination "Mikhail_Bryakin won by checkmate"]

1. e4 d5 2. exd5 Qxd5 3. Nc3 Qe5+ 4. Be2 Bg4 5. d4 Bxe2 6. Ngxe2 Qa5 7. b4 Qh5 8. O-O Nf6 9. Qd3 e6 10. Ng3 Qg6 11.
Qb5+ Nbd7 12. Qxb7 Rb8 13. Qxc7 Qxc2 14. Bf4 Bxb4 15.
Rac1 Qd3 16. Qxa7 Rd8 17. Rfd1 Qg6 18. Bc7 Rc8 19. Qb7 O-O 20. Nb5 Be7 21. Bd6 Rxc1 22. Rxc1 Bxd6 23. Nxd6 Qg5 24. Rc8 Qa5 25. Rxf8+ Kxf8 26. h3 Qxa2 27. Qc8+ Ke7 28. Qc7 g6 29. Nc8+ Kf8 30.
Qd6+ Kg7 31. Nb6 Qa6 32. Nc8 Qxc8 33. Qf4 Qc6 34. Kh2 Qd5 35. h4 Nh5 36. Nxh5+ Qxh5 37. Qd6 Nf6 38. Qg3 Qg4 39. Qe5 Qxh4+ 40. Kg1 Qe4 41.
Qd6 Qd5 42. Qf4 Qf5 43. Qe3 Ng4 44. Qc1 Qxf2+ 45. Kh1 Qh4+ 46. Kg1 Qh2+ 47. Kf1 Qh1+ 48. Ke2 Qxc1 49. Kf3 Qe3+ 50. Kxg4 h5+ 51. Kh4 Kh6 52.
d5 g5# 0-1

[Event "Early-Titled-Tuesday-Blitz-May-14-2024"]
[Site "Chess.com"]
[Date "2024.05.14"]
[Round "8"]
[White "valik3504"]
[Black "Crazy_girl99"]
[Result "1-0"]
[WhiteElo "2562"]
[BlackElo "2633"]
[TimeControl "180+1"]
[EndTime "9:30:50 PDT"]
[Termination "valik3504 won on time"]

1. d4 Nf6 2. Nf3 d5 3. c4 e6 4. e3 Nbd7 5. b3 Bb4+ 6. Nbd2 O-O 7. Bd3 c5 8. O-O cxd4 9. exd4 dxc4 10. bxc4 Nb6 11.
Bb2 Bd7 12. Rc1 Ba4 13. Qe2 Rc8 14. Ne4 Nbd7 15. Bb1 Bc6 16. d5 exd5 17. Nxf6+ Nxf6 18.
cxd5 Re8 19. Bxf6 Qxf6 20. Qd3 Bd7 21. Qxh7+ Kf8 22. Rcd1 g6 23. Qh6+ Qg7 24. Qf4 a5 25.
Ng5 Kg8 26. h4 Bb5 27. Bd3 Ba4 28. Rc1 Bd7 29. h5 gxh5 30. Bh7+ Kf8 31. Bf5 Bxf5 32. Qxf5 Rxc1 33. Rxc1 Kg8 34. g3 Bd6 35. Qd7 Rf8 36. Ne4 Be5 37. Qxb7 Qg4 38. Re1 h4 39. Qe7 Bg7 40.
Qxh4 Qd7 41. Qg5 Re8 42. Nf6+ 1-0

[Event "Early-Titled-Tuesday-Blitz-May-14-2024"]
[Site "Chess.com"]
[Date "2024.05.14"]
[Round "8"]
[White "sergeikim"]
[Black "zozik"]
[Result "1-0"]
[WhiteElo "2616"]
[BlackElo "2329"]
[TimeControl "180+1"]
[EndTime "9:30:50 PDT"]
[Termination "sergeikim won on time"]

1. d4 Nf6 2. c4 c5 3. d5 b5 4.
cxb5 a6 5. b6 Qxb6 6. Nc3 d6 7.
e4 g6 8. Be2 Bg7 9. Nf3 O-O 10.
O-O a5 11. Nd2 Ba6 12. a4 Bxe2 13. Qxe2 Na6 14. Ra3 Rab8 15. Nc4 Qc7 16. Nb5 Qd8 17. Rh3 Nb4 18. Bh6 Qd7 19. Bxg7 Kxg7 20. b3 Ra8 21.
Nb6 Qb7 22. Nxa8 Qxa8 23. Rd1 Qc8 24. e5 Nfxd5 25. exd6 exd6 26. Nxd6 Qd7 27. Qe5+ f6 28. Qg3 Rd8 29. Nc4 Qf5 30. Rf1 Nf4 31. Kh1 Rd3 32.
f3 Nxh3 33. gxh3 Rxb3 34. Qc7+ Kh6 35. Nd6 Qd3 36. Nf7+ Kh5 37. Qxc5+ f5 38. Kg2 Rb2+ 39. Rf2 Rxf2+ 40. Kxf2 Qb3 41. Qe7 Qc2+ 42. Kf1 Qd1+ 43. Kg2 Qe2+ 44. Qxe2 1-0

[Event "Early-Titled-Tuesday-Blitz-May-14-2024"]
[Site "Chess.com"]
[Date "2024.05.14"]
[Round "8"]
[White "Khromkin"]
[Black "Gangster-accountant01"]
[Result "0-1"]
[WhiteElo "2395"]
[BlackElo "2553"]
[TimeControl "180+1"]
[EndTime "9:30:52 PDT"]
[Termination "Gangster-accountant01 won on time"]

1. d4 d5 2. c4 dxc4 3. Nf3 Nf6 4. e3 e6 5. Bxc4 a6 6. O-O b5 7. Bb3 Bb7 8. a4 b4 9. Nbd2 c5 10. Qe2 Nc6 11. Rd1 cxd4 12. Nc4 Be7 13. e4 e5 14.
Nfxe5 Nxe5 15. Nxe5 O-O 16. f3 Rc8 17. Bg5 a5 18. Qb5 Ba8 19. Bxf6 Bxf6 20. Nd7 Bg5 21. Nxf8 Be3+ 22. Kh1 Qxf8 23. Qxa5 Qd6 24. Bd5 Bxd5 25. Qxd5 Qh6 26. Qd7 Rf8 27. a5 g6 28. a6 Ra8 29. a7 Kg7 30. Rxd4 Bf4 31. Qh3 Qg5 32. Rxb4 Qc5 33. Rb7 Rxa7 34. Rbxa7 Qc2 35. Qd7 Qb3 36. Qd5 Qxb2 37. Qxf7+ Kh6 38. Qxh7+ Kg5 0-1

[Event "Early-Titled-Tuesday-Blitz-May-14-2024"]
[Site "Chess.com"]
[Date "2024.05.14"]
[Round "8"]
[White "InitiatingASC"]
[Black "ilimchess2"]
[Result "1-0"]
[WhiteElo "2422"]
[BlackElo "2292"]
[TimeControl "180+1"]
[EndTime "9:30:52 PDT"]
[Termination "InitiatingASC won by resignation"]

1. d4 d5 2. c4 c6 3. Nf3 Nf6 4.
g3 a6 5. Bg2 dxc4 6. O-O b5 7. a4 Bb7 8. Ne5 Nbd7 9. Nxc6 Qb6 10. d5 g6 11. Be3 Qc7 12. Nc3 Bg7 13. axb5 O-O 14. Nxe7+ Kh8 15. d6 Qb8 16. Nc6 Qc8 17. bxa6 Bxc6 18. a7 Bxg2 19. Kxg2 Qb7+ 20. Kg1 Rfe8 21.
Bd4 Re6 22. Qa4 Rxd6 23. Qxc4 Nb6 24. Qc5 Ne4 25. Bxg7+ Kxg7 26. Qe5+ Kg8 27. Nxe4 Re6 28. Nf6+ Kg7 29. Ne8+ Kf8 30. Qc7 Qe4 31. Qc5+ Kg8 32. Nc7 Rc6 33. Nxa8 Rxc5 34. Nxb6 Qxe2 35. a8=Q+ Kg7 36.
Nd7 Qe7 37. Nxc5 Qxc5 38. Qa3 Qd5 39. Qc3+ Kh6 40. Ra4 f5 41. Ra5 Qe6 42. Qe3+ Qxe3 43.
fxe3 Kg5 44. Rc5 h5 45. Rc4 Kf6 46. b4 Ke5 47. b5 Kd5 48. Rd4+ Kc5 49. Rb1 Kb6 50.
Rd6+ 1-0

[Event "Early-Titled-Tuesday-Blitz-May-14-2024"]
[Site "Chess.com"]
[Date "2024.05.14"]
[Round "8"]
[White "sergoy"]
[Black "SAInt_666"]
[Result "1-0"]
[WhiteElo "3004"]
[BlackElo "2797"]
[TimeControl "180+1"]
[EndTime "9:30:53 PDT"]
[Termination "sergoy won on time"]

1. d4 Nf6 2. c4 e6 3. Nf3 d5 4.
Nc3 Bb4 5. Qa4+ Nc6 6. e3 O-O 7. Qc2 Re8 8. Bd2 a6 9. h3 Bf8 10. a3 h6 11. Rd1 dxc4 12. Bxc4 b5 13. Ba2 Bb7 14. O-O Ne7 15. e4 Ng6 16. Be3 Nd7 17. d5 e5 18. Ne2 Bd6 19. Ng3 Rc8 20. b4 Nf6 21. Nf5 Nh5 22. g3 Ne7 23. N3h4 Nf6 24. Nxe7+ Qxe7 25. Nf5 Qd7 26. Rfe1 h5 27. Bg5 Nh7 28. Bc1 g6 29. Nh6+ Kg7 30. Kg2 Rh8 31. Rd3 Nf8 32. Qd2 f6 33. Rf3 Qe7 34. h4 Rd8 35.
Kh2 Bc8 36. Rg1 Nh7 37. Rc3 Nf8 38. Rg2 Nd7 39. g4 hxg4 40. Rxg4 Nf8 41. Rg2 Rh7 42.
Rcg3 Kh8 43. Kg1 Re8 44. Bb3 Qg7 45. Bd1 Qe7 46. Bg4 Bxg4 47. Rxg4 Rc8 48. R2g3 c6 49. dxc6 Rxc6 50. Kg2 Qc7 51. Qd5 Qg7 52. Qxc6 1-0

[Event "Early-Titled-Tuesday-Blitz-May-14-2024"]
[Site "Chess.com"]
[Date "2024.05.14"]
[Round "8"]
[White "rhwr"]
[Black "Lady_Nika"]
[Result "0-1"]
[WhiteElo "2333"]
[BlackElo "2490"]
[TimeControl "180+1"]
[EndTime "9:30:54 PDT"]
[Termination "Lady_Nika won on time"]

1. e4 e6 2. Nf3 d5 3. e5 c5 4.
b4 cxb4 5. a3 bxa3 6. c3 Bd7 7.
d4 Na6 8. Bd3 Ne7 9. O-O Nc6 10.
Nxa3 Nc7 11. Nc2 Be7 12. Rb1 b6 13. h3 O-O 14. Ne3 Na5 15. Nd2 b5 16. f4 Nc4 17.
Ndxc4 bxc4 18. Bc2 Nb5 19. Bd2 Qa5 20. Ra1 Qb6 21. f5 f6 22. fxe6 Bxe6 23. Qh5 f5 24. Bxf5 Bxf5 25. Nxf5 Rae8 26. Qf3 Bd8 27. Qxd5+ Kh8 28.
Qxc4 Rxe5 29. Ne3 Ree8 30. Nd5 Qb7 31. Bf4 Bh4 32. Be5 Rc8 33. Qb3 Qd7 34. Rxf8+ Rxf8 35.
Nf4 Nd6 36. Qd5 Be7 37. Rf1 Rc8 38. Qf7 Nxf7 0-1

[Event "Early-Titled-Tuesday-Blitz-May-14-2024"]
[Site "Chess.com"]
[Date "2024.05.14"]
[Round "8"]
[White "GrotBchess"]
[Black "Casablanca"]
[Result "0-1"]
[WhiteElo "2533"]
[BlackElo "2713"]
[TimeControl "180+1"]
[EndTime "9:30:55 PDT"]
[Termination "Casablanca won by resignation"]

1. e4 e6 2. d4 b6 3. c3 Bb7 4.
Bd3 c5 5. Qe2 cxd4 6. cxd4 Nc6 7. Nf3 Nb4 8. Bc4 Rc8 9. O-O Bxe4 10. Qxe4 Rxc4 11. Bg5 Be7 12. Bxe7 Nxe7 13. Nbd2 Rc7 14. a3 Nbd5 15. Qg4 O-O 16. Qh3 Ng6 17. Kh1 Qf6 18.
Qg3 Rfc8 19. Ne4 Qf4 20. Qxf4 Ngxf4 21. Nd6 Rb8 22. Rfc1 Nd3 23. Rxc7 Nxc7 24. Kg1 Nxb2 25. Ne5 f6 26. Nf3 Nd3 27. g3 Nd5 28. Rd1 Nb2 29.
Rc1 Kf8 30. Rc2 Na4 31. Rc4 Nac3 32. a4 Ke7 33. Nc8+ Kd8 34. Nxa7 Ra8 35. Nb5 Nxb5 36.
axb5 Ra5 37. Nd2 Rxb5 38. Ne4 Rb4 39. Rc2 Rxd4 40. Nd6 Ne7 41. Nb7+ Ke8 42. Rb2 Nd5 43. Nd6+ Ke7 44. Nc8+ Kf7 45. Nd6+ Kg6 46. Nc8 Rc4 47.
Nxb6 Nxb6 48. Rxb6 Rc6 49. Rb7 d5 50. Kg2 Rd6 51. Kf3 e5 52. Ke3 h5 53. h4 d4+ 54.
Ke4 d3 55. Rb1 d2 56. Rd1 Rd4+ 57. Ke3 Kf5 58. Rxd2 Rxd2 59. Kxd2 g5 60. hxg5 fxg5 61. Ke2 Kg4 62. Kf1 Kf3 63. Kg1 h4 64. gxh4 gxh4 65. Kf1 e4 66. Kg1 h3 67. Kf1 h2 68. Ke1 h1=Q+ 69. Kd2 Kxf2 0-1

[Event "Early-Titled-Tuesday-Blitz-May-14-2024"]
[Site "Chess.com"]
[Date "2024.05.14"]
[Round "8"]
[White "motivated_bishop"]
[Black "GambitGiesbergen"]
[Result "0-1"]
[WhiteElo "2482"]
[BlackElo "2352"]
[TimeControl "180+1"]
[EndTime "9:30:56 PDT"]
[Termination "GambitGiesbergen won on time"]

1. d4 Nf6 2. c4 e5 3. dxe5 Ng4 4. e3 Nxe5 5. Nh3 Nbc6 6. Nf4 Bb4+ 7. Bd2 O-O 8. Nc3 d6 9. Be2 Be6 10. Nfd5 Bxc3 11.
Bxc3 Rc8 12. O-O Ne7 13. f4 N5c6 14. e4 f6 15. Bg4 Qd7 16. Bxe6+ Qxe6 17. f5 Qd7 18. g4 Nxd5 19. cxd5 Ne5 20. h4 Rce8 21. g5 Qf7 22. Bxe5 Rxe5 23. Qg4 Qe7 24. Rae1 Re8 25.
Kh2 Rxe4 26. gxf6 Qe5+ 27. Rf4 Qxb2+ 28. Kh3 Re3+ 29. Rxe3 Rxe3+ 30. Rf3 Rxf3+ 31. Qxf3 Qxf6 32. Qe4 Kf7 33. Qc2 Qe7 34. f6 Qd7+ 35. Kg3 g6 36. h5 Kxf6 37. Qc3+ Kg5 38. Qd2+ Kf6 39. Qc3+ Kf7 40.
h6 Ke7 41. Qh8 Qd8 42. Qxh7+ Kf6 43. Qg7+ Kg5 0-1

[Event "Early-Titled-Tuesday-Blitz-May-14-2024"]
[Site "Chess.com"]
[Date "2024.05.14"]
[Round "8"]
[White "Actuary44"]
[Black "chess_sharparchitect"]
[Result "0-1"]
[WhiteElo "2463"]
[BlackElo "2335"]
[TimeControl "180+1"]
[EndTime "9:30:57 PDT"]
[Termination "chess_sharparchitect won on time"]

1. e4 c5 2. d4 cxd4 3. c3 Nf6 4.
Bd3 dxc3 5. Nxc3 d6 6. f4 Nc6 7. Nf3 e6 8. O-O Be7 9. Kh1 O-O 10. Qe1 e5 11. f5 d5 12. exd5 Nxd5 13. Nxd5 Qxd5 14.
Be4 Qb5 15. Bg5 Bxg5 16. Nxg5 h6 17. Nf3 Nd4 18. Nxd4 exd4 19. f6 g6 20. Qd2 Kh7 21.
Qxd4 Be6 22. a4 Qg5 23. Bxb7 Rad8 24. Qxa7 Rd2 25. Rf2 Rfd8 26. Rg1 Rd1 27. Rff1 R1d2 28. b4 Bd5 29. Bxd5 Qxd5 30. a5 Re8 31. a6 Ree2 32. Rf3 Rxg2 33. Rxg2 Rd1+ 34. Qg1 Rxg1+ 35. Kxg1 Qxf3 36.
b5 Qe3+ 37. Rf2 Qe1+ 38. Kg2 Qe4+ 39. Kg3 Qe5+ 40. Kg2 Qxb5 41. Kf3 Qxa6 42. Ke4 Qe6+ 43. Kd3 Qd6+ 44. Ke4 Qc6+ 45. Ke5 Qc5+ 46. Ke4 Qxf2 0-1

[Event "Early-Titled-Tuesday-Blitz-May-14-2024"]
[Site "Chess.com"]
[Date "2024.05.14"]
[Round "8"]
[White "jefferyx"]
[Black "Vincent_Vega95"]
[Result "1-0"]
[WhiteElo "3084"]
[BlackElo "2780"]
[TimeControl "180+1"]
[EndTime "9:30:58 PDT"]
[Termination "jefferyx won by checkmate"]

1. e4 c5 2. c3 Nf6 3. e5 Nd5 4. Nf3 Nc6 5. Bc4 e6 6. d4 cxd4 7. cxd4 d6 8. Qe2 Be7 9. O-O O-O 10. a3 b6 11. Qe4 Bb7 12. Qg4 Re8 13. Bh6 g6 14. Nbd2 dxe5 15. dxe5 Qc7 16. Rfe1 Rad8 17. Rac1 Qb8 18. h4 Bf8 19. Bxf8 Rxf8 20. h5 Rd7 21.
hxg6 hxg6 22. Qh4 Kg7 23. Bxd5 Rxd5 24. Qf6+ Kg8 25. Qf4 Qd8 26. Ne4 Kg7 27. Nd6 Ba8 28. Nc4 Nd4 29. Ng5 Nf5 30. Ne4 Rd4 31. f3 Rh8 32. Qg5 Bxe4 33. Qxd8 Rhxd8 34. fxe4 Ne7 35. Nd6 Rd7 36. Rf1 Ng8 37. Rc8 Rd2 38. Rf3 Rxb2 39. Ne8+ Kh6 40. Nd6 Kg7 41. Rh3 g5 42. Ne8+ Kg6 43.
Nd6 Kg7 44. Rh5 Kg6 45. g4 Ne7 46. Rch8 f6 47. R5h6+ Kg7 48. exf6# 1-0

[Event "Early-Titled-Tuesday-Blitz-May-14-2024"]
[Site "Chess.com"]
[Date "2024.05.14"]
[Round "8"]
[White "DenisQ"]
[Black "Artem_Koval"]
[Result "1-0"]
[WhiteElo "2726"]
[BlackElo "2567"]
[TimeControl "180+1"]
[EndTime "9:30:58 PDT"]
[Termination "DenisQ won by resignation"]

1. Nf3 d5 2. c4 e6 3. g3 Nf6 4. Bg2 Be7 5. O-O O-O 6. d4 dxc4 7. Ne5 Nc6 8. Bxc6 bxc6 9. Nxc6 Qe8 10. Nxe7+ Qxe7 11. Qc2 e5 12. Rd1 exd4 13. Rxd4 Be6 14. Nc3 Rad8 15. Rxd8 Rxd8 16. Bg5 h6 17. Bxf6 Qxf6 18. Rd1 Rxd1+ 19. Qxd1 Qe5 20. Kg2 g6 21. Qd2 Kg7 22. Qf4 Qc5 23. f3 Bf5 24. h4 h5 25. Qd2 Qe5 26. Kf2 Kh7 27. Qe3 Qa5 28. Qd4 c6 29.
Qxc4 Qb6+ 30. Kg2 Be6 31. Qe4 Qxb2 32. Qxc6 Bxa2 33. Kf2 Be6 34. Ne4 Kg7 35. Qc5 a6 36. Ng5 Bf5 37. Qa7 Qa2 38. Qd4+ Kg8 39. Qd8+ Kg7 40.
Qd4+ Kg8 41. g4 hxg4 42. fxg4 Be6 43. Ne4 Bc4 44. Nf6+ Kf8 45. Qe5 Be6 46. g5 Qa3 47. Qb8+ Ke7 48. Qe8+ Kd6 49. Qf8+ Ke5 50. Qxa3 1-0

[Event "Early-Titled-Tuesday-Blitz-May-14-2024"]
[Site "Chess.com"]
[Date "2024.05.14"]
[Round "8"]
[White "chessburger_tv"]
[Black "Kunalm64"]
[Result "0-1"]
[WhiteElo "2410"]
[BlackElo "2618"]
[TimeControl "180+1"]
[EndTime "9:31:00 PDT"]
[Termination "Kunalm64 won by checkmate"]

1. c4 g6 2. d4 Bg7 3. e4 e6 4. h4 h5 5. Nc3 Ne7 6. Bg5 c5 7. d5 d6 8. Nge2 O-O 9. Ng3 b5 10.
Qd2 b4 11. Nd1 exd5 12. exd5 Qe8 13. Be2 Nf5 14. Nxf5 Bxf5 15. Ne3 Qe5 16. Nxf5 Qxf5 17. O-O Re8 18. Bd3 Qg4 19. Rae1 Nd7 20. Qf4 Qxf4 21. Bxf4 Bxb2 22. Bxd6 Be5 23. Bxe5 Nxe5 24. Be2 f5 25. f4 Nf7 26. Bd3 Nd6 27. Re5 Kf7 28. Rfe1 a5 29. Kf2 a4 30. Bc2 Nxc4 31. Rxe8 Rxe8 32. Rxe8 Kxe8 33. Bxa4+ Ke7 34. Ke2 Nb6 35. Bc6 Kd6 36.
Be8 Nxd5 37. g3 c4 38. Bxg6 Nc3+ 39. Kd2 Ke6 40. Bxh5 Nxa2 41. Be2 Kd5 42. h5 b3 43. h6 c3+ 44. Kd3 c2 45. h7 c1=Q 46. h8=Q Nb4# 0-1

[Event "Early-Titled-Tuesday-Blitz-May-14-2024"]
[Site "Chess.com"]
[Date "2024.05.14"]
[Round "8"]
[White "Flawless_Fighter"]
[Black "malakismayil"]
[Result "0-1"]
[WhiteElo "2669"]
[BlackElo "2540"]
[TimeControl "180+1"]
[EndTime "9:31:00 PDT"]
[Termination "malakismayil won by resignation"]

1. e4 e5 2. Nf3 Nc6 3. Nc3 Nf6 4.
Bb5 d6 5. d4 exd4 6. Nxd4 Bd7 7.
O-O Be7 8. Re1 O-O 9. Nxc6 Bxc6 10. Bxc6 bxc6 11. b3 Nd7 12. Bb2 Bf6 13. Na4 Re8 14. c4 Nb6 15. Nc3 Rb8 16. Qc2 Qd7 17. Rad1 Qg4 18. h3 Qg6 19. Re3 Be5 20. Rf1 Nd7 21.
Kh1 Nc5 22. Rfe1 Ne6 23. Ne2 Qf6 24. Bxe5 dxe5 25. Rf3 Qe7 26. Rd1 Rbd8 27. Rfd3 Nc5 28. R3d2 g6 29. Ng3 Ne6 30. Nf1 Nd4 31. Qc3 c5 32.
Qg3 c6 33. Ne3 Kh8 34. Ng4 f5 35. exf5 gxf5 36. Nh2 Rg8 37. Qe3 Rde8 38. f3 Qh4 39. Qf2 Qg5 40. Re1 h5 41. Nf1 Qf4 42. Qe3 h4 43. Rd3 Kg7 44. b4 Qxe3 45. Nxe3 cxb4 46. Rb1 a5 47. c5 Kf6 48. Nc4 Ra8 49. Re1 Rge8 50. Rde3 Nc2 51. R3e2 Nxe1 52. Rxe1 e4 53. fxe4 Rxe4 54. Rf1 Rxc4 0-1

[Event "Early-Titled-Tuesday-Blitz-May-14-2024"]
[Site "Chess.com"]
[Date "2024.05.14"]
[Round "8"]
[White "cristiano78"]
[Black "SujanaLohani"]
[Result "0-1"]
[WhiteElo "2232"]
[BlackElo "1981"]
[TimeControl "180+1"]
[EndTime "9:31:01 PDT"]
[Termination "SujanaLohani won by checkmate"]

1. d4 Nf6 2. c4 g6 3. Nc3 d5 4.
Bf4 Bg7 5. e3 O-O 6. Nf3 c5 7.
dxc5 Na6 8. Rc1 dxc4 9. Bxc4 Nxc5 10. Qxd8 Rxd8 11. Ke2 Bf5 12. Rhd1 Nh5 13. Be5 Rac8 14.
Bxg7 Kxg7 15. Nd5 Kf8 16. h3 e5 17. g4 Be6 18. gxh5 Ne4 19. Nxe5 Bxd5 20. Bxd5 Rxc1 21. Rxc1 Rxd5 22. Rc8+ Kg7 23. Nd3 Rxh5 24. Rc7 Rb5 25. b3 Kf6 26. f3 Nd6 27. e4 Ne8 28. e5+ Ke6 29. Rc8 Kd7 30. Ra8 Ra5 31. a4 Nc7 32. Rh8 h5 33. b4 Rd5 34. f4 b6 35. Ke3 Ne6 36. Ra8 a5 37. Ra7+ Ke8 38. bxa5 bxa5 39. Nb2 Rd4 40. Rxa5 Rxf4 41. Rb5 Rh4 42.
a5 Rxh3+ 43. Ke4 Ra3 44. Nc4 Ra4 45. Kd3 Nf4+ 46. Kc3 h4 47. Rb7 h3 48. Nd6+ Kf8 49. Rxf7+ Kg8 50. Kb3 h2 51. Kxa4 h1=Q 52. Kb5 Qd5+ 53.
Kb6 Qxe5 54. Rd7 Nd5+ 55. Kc6 Nb4+ 56. Kc7 Qxa5+ 57. Kc8 Qa8+ 58. Kc7 Nd5# 0-1

[Event "Early-Titled-Tuesday-Blitz-May-14-2024"]
[Site "Chess.com"]
[Date "2024.05.14"]
[Round "8"]
[White "JaloliddinIlkhomi"]
[Black "alexrustemov"]
[Result "1/2-1/2"]
[WhiteElo "2760"]
[BlackElo "2923"]
[TimeControl "180+1"]
[EndTime "9:31:02 PDT"]
[Termination "Game drawn - insufficient material"]

1. Nf3 d5 2. d4 Nf6 3. Bf4 c5 4.
e3 Nc6 5. c3 Bg4 6. Nbd2 e6 7.
Be2 Be7 8. Ne5 Bxe2 9. Qxe2 Rc8 10. O-O O-O 11. Rfd1 Qb6 12. Rab1 Rfd8 13. Bg5 Qc7 14. f4 Ne8 15. Bxe7 Nxe7 16. Rf1 Nd6 17. Qg4 Nef5 18. Qe2 f6 19. Nef3 h5 20. Qf2 Qf7 21. Nh4 Nxh4 22. Qxh4 b5 23. Qf2 Qg6 24. Qe2 a6 25. Rbe1 Kf7 26.
dxc5 Rxc5 27. e4 Nxe4 28. Nxe4 Qxe4 29. Qxe4 dxe4 30. Rxe4 Rcd5 31. Rfe1 R8d6 32. R4e2 a5 33. Kf2 a4 34. Re4 Rc6 35. R1e2 h4 36. Rb4 a3 37.
bxa3 Rxc3 38. a4 bxa4 39. Rxa4 Rc7 40. Rae4 Re7 41. a4 Rd3 42. Ra2 Ra7 43. a5 Ra6 44. f5 exf5 45. Rxh4 g5 46. Rb4 Rd5 47. Rba4 f4 48. R2a3 Kg6 49. Ra2 Kf5 50. h3 Rb5 51. R4a3 Kg6 52. Ra4 Kh5 53. R4a3 Kh4 54. Ra4 f5 55. g3+ Kh5 56. gxf4 gxf4 57. Kf3 Kg5 58. h4+ Kxh4 59. Kxf4 Kh5 60. R4a3 Kg6 61. Ra4 Kf6 62. Rh2 Raxa5 63. Rxa5 Rxa5 64. Rh6+ Kg7 65. Rb6 Rc5 66. Kg5 Kf7 67. Rf6+ Ke7 68. Rxf5 Rxf5+ 69. Kxf5 1/2-1/2

[Event "Early-Titled-Tuesday-Blitz-May-14-2024"]
[Site "Chess.com"]
[Date "2024.05.14"]
[Round "8"]
[White "Alphafischer2019"]
[Black "Lucky_Puncher"]
[Result "0-1"]
[WhiteElo "2652"]
[BlackElo "2566"]
[TimeControl "180+1"]
[EndTime "9:31:02 PDT"]
[Termination "Lucky_Puncher won by checkmate"]

1. e4 c5 2. Nf3 d6 3. d4 cxd4 4. Nxd4 Nf6 5. Nc3 a6 6. Be2 e5 7. Nb3 Be7 8. Be3 O-O 9. O-O Be6 10. Nd5 Nxd5 11. exd5 Bf5 12. c4 Nd7 13. Qd2 h6 14. Na5 Rb8 15. b4 Bg5 16. Rac1 Bxe3 17. fxe3 Bh7 18.
Bd3 f5 19. c5 dxc5 20. bxc5 Qc7 21. d6 Qc8 22. Bc4+ Kh8 23. Be6 Qe8 24. Bd5 b6 25.
cxb6 Rxb6 26. Rc6 Qb8 27. Rfc1 f4 28. e4 f3 29. gxf3 Rb2 30. Qe3 Qb4 31. Nc4 Rxa2 32.
Rc7 Nf6 33. d7 Nxd5 34. exd5 Bf5 35. Rc8 Rxc8 36. dxc8=Q+ Bxc8 37. Nxe5 Bf5 38. Nf7+ Kg8 39. Qe8+ Kh7 40. Kh1 Qb2 41. Qh8+ Kg6 42. Rg1+ Kh5 43. Rg5+ Kh4 44. Rg4+ Bxg4 45. Qd8+ g5 46. Qd7 Qxh2# 0-1